[Event "Fagernes GM-A 2019"]
[Site "Fagernes"]
[Date "2019.04.18"]
[Round "4"]
[White "Nordquelle, Daniel"]
[Black "Lillevold, Frode"]
[Result "1-0"]
[ECO "C54"]
[WhiteElo "2264"]
[BlackElo "2076"]
[Annotator "NA"]
[PlyCount "76"]
[EventDate "2019.04.14"]
[EventType "tourn"]
[EventCountry "NOR"]
[SourceTitle "playchess.com"]
[Source "ChessBase"]
[SourceQuality "1"]
[TimeControl "40/7200:3600"]

1. e4 e5 2. Nf3 Nc6 3. Bc4 Bc5 4. O-O Nf6 5. d3 d6 6. a4 O-O 7. c3 a5 8. Re1 Be6 9. Nbd2 Qe7 10. Bb5 Rad8 11. Bxc6 bxc6 12. Nf1 Bb6 13. Ng3 Ne8 14. d4 f6 15. Qe2 g6 16. h3 Rf7 17. Be3 Rb8 18. b4 Ng7 19. b5 cxb5 20. axb5 Rff8 21. c4 Bd7 22. Qc2 Ne6 23. Ne2 Kh8 24. Red1 Rfc8 25. Nc3 exd4 26. Nxd4 Nxd4 27. Bxd4 Be6 28. Ra4 c6 29. Qd2 cxb5 30. cxb5 Bb3 31. Bxb6 Rxb6 32. Nd5 Bxd5 33. Qxd5 Qe5 34. Rxa5 Qxd5 35. Rxd5 Kg7 36. Ra6 Rxa6 37. bxa6 Rc1+ 38. Kh2 Ra1 1-0

[Event "Fagernes GM-A 2019"]
[Site "Fagernes"]
[Date "2019.04.18"]
[Round "4"]
[White "Dolzhikova, Olga"]
[Black "Machlik, Edit"]
[Result "1-0"]
[ECO "B11"]
[WhiteElo "2231"]
[BlackElo "2109"]
[Annotator "NA"]
[PlyCount "73"]
[EventDate "2019.04.14"]
[EventType "tourn"]
[EventCountry "NOR"]
[SourceTitle "playchess.com"]
[Source "ChessBase"]
[SourceQuality "1"]
[TimeControl "40/7200:3600"]

1. e4 c6 2. Nc3 d5 3. Nf3 Bg4 4. h3 Bxf3 5. Qxf3 e6 6. Be2 Nd7 7. d4 dxe4 8. Nxe4 Ngf6 9. c3 Nxe4 10. Qxe4 Nf6 11. Qf3 Qd5 12. O-O Qxf3 13. Bxf3 Bd6 14. c4 O-O 15. Rd1 h6 16. g3 Rfd8 17. Be3 Be7 18. a3 a5 19. Rd2 a4 20. Rc1 Rac8 21. Bd1 Ra8 22. Bf3 Rac8 23. Rcd1 Rd7 24. Kg2 Rdd8 25. g4 Rd7 26. h4 Ne8 27. d5 cxd5 28. cxd5 exd5 29. g5 Rd6 30. Bxd5 hxg5 31. hxg5 b5 32. Bf4 Rb6 33. Re2 Bf8 34. Ba2 b4 35. axb4 g6 36. Rd7 Nd6 37. Bxd6 1-0

[Event "Fagernes GM-A 2019"]
[Site "Fagernes"]
[Date "2019.04.18"]
[Round "4"]
[White "Nielsen, Andre"]
[Black "Bjerke, Richard"]
[Result "1-0"]
[ECO "C18"]
[WhiteElo "2201"]
[BlackElo "2156"]
[Annotator "NA"]
[PlyCount "172"]
[EventDate "2019.04.14"]
[EventType "tourn"]
[EventCountry "NOR"]
[SourceTitle "playchess.com"]
[Source "ChessBase"]
[SourceQuality "1"]
[TimeControl "40/7200:3600"]

1. e4 e6 2. d4 d5 3. Nc3 Bb4 4. e5 c5 5. a3 Bxc3+ 6. bxc3 Qa5 7. Bd2 Qa4 8. Qg4 Kf8 9. Nf3 Nc6 10. Bd3 c4 11. Be2 Qxc2 12. O-O Nge7 13. Rac1 Qg6 14. Qf4 h6 15. Bd1 Qf5 16. Qg3 Qg6 17. Qh3 Qh7 18. Bc2 Qg8 19. Kh1 Ke8 20. Ng1 Qf8 21. f4 g6 22. a4 b6 23. Ra1 Na5 24. Bc1 Qg7 25. Ba3 Nec6 26. Nf3 Kd8 27. Bd6 Bd7 28. Qh4+ Kc8 29. Rab1 Kb7 30. Rb5 Rae8 31. Rfb1 Kc8 32. Qe1 Nb7 33. Qc1 Nca5 34. Rxa5 Nxa5 35. Qa3 Bc6 36. Bb4 Nb7 37. a5 bxa5 38. Bd6 f5 39. exf6 Qd7 40. Be7 Rxe7 41. fxe7 Qd6 42. Qxd6 Nxd6 43. Bxg6 Rg8 44. Ne5 Be8 45. Bxe8 Rxe8 46. Ng6 Kc7 47. g4 Nc8 48. Re1 Kd7 49. Nf8+ Kxe7 50. Nxe6 Kf7 51. f5 a4 52. h4 Nd6 53. Kg2 a3 54. Ra1 Nb5 55. Kf3 a5 56. g5 hxg5 57. hxg5 Rh8 58. Kf4 Rh2 59. Ke5 Re2+ 60. Kxd5 Nxc3+ 61. Kxc4 Ne4 62. Rxa3 Rf2 63. Rxa5 Nd6+ 64. Kd3 Nxf5 65. Nc5 Rg2 66. Ne4 Ng3 67. Nxg3 Rxg3+ 68. Ke4 Rg4+ 69. Ke3 Ke6 70. Re5+ Kd6 71. Kd3 Rg1 72. Ke4 Rg4+ 73. Ke3 Rg1 74. Ra5 Rg3+ 75. Kf4 Rg1 76. Kf5 Rf1+ 77. Kg6 Re1 78. Kg7 Re7+ 79. Kf6 Re6+ 80. Kf5 Re1 81. g6 Rg1 82. Kf6 Rf1+ 83. Kg7 Rg1 84. Kf6 Rf1+ 85. Rf5 Rg1 86. Kf7 Rg4 1-0

[Event "Fagernes GM-A 2019"]
[Site "Fagernes"]
[Date "2019.04.18"]
[Round "4"]
[White "Royset, Pal"]
[Black "Grover, Sigurd Loe"]
[Result "1-0"]
[ECO "C13"]
[WhiteElo "2167"]
[BlackElo "2020"]
[Annotator "NA"]
[PlyCount "97"]
[EventDate "2019.04.14"]
[EventType "tourn"]
[EventCountry "NOR"]
[SourceTitle "playchess.com"]
[Source "ChessBase"]
[SourceQuality "1"]
[TimeControl "40/7200:3600"]

1. e4 e6 2. d4 d5 3. Nc3 Nf6 4. Bg5 dxe4 5. Nxe4 Be7 6. Bxf6 gxf6 7. Nf3 f5 8. Ned2 c5 9. Nb3 cxd4 10. Bb5+ Bd7 11. Bxd7+ Qxd7 12. Qxd4 Qxd4 13. Nbxd4 Nc6 14. Nxc6 bxc6 15. Rd1 Bf6 16. b3 Rd8 17. Rxd8+ Kxd8 18. Ke2 Kc7 19. Rd1 Rg8 20. g3 h5 21. Nd2 Rd8 22. Nc4 Rxd1 23. Kxd1 Bd4 24. Ke2 Kd7 25. Ne3 Bb6 26. Kf3 Ke7 27. Nc4 Bc7 28. Ne3 Kf6 29. Nc4 e5 30. Ke3 Kg5 31. h3 h4 32. Kf3 e4+ 33. Kg2 f4 34. gxf4+ Kxf4 35. a4 f5 36. b4 a6 37. Kf1 Kf3 38. Nd2+ Kf4 39. Nb3 Bb6 40. c4 e3 41. c5 Bc7 42. Nd4 Ke5 43. fxe3 Kd5 44. Ke2 f4 45. Kd3 a5 46. e4+ Ke5 47. bxa5 f3 48. Nxf3+ Kf4 49. a6 1-0

[Event "Fagernes GM-A 2019"]
[Site "Fagernes"]
[Date "2019.04.18"]
[Round "4"]
[White "Bentsen, Hakon"]
[Black "Andersen, Morten"]
[Result "1/2-1/2"]
[ECO "B33"]
[WhiteElo "2155"]
[BlackElo "2223"]
[Annotator "NA"]
[PlyCount "38"]
[EventDate "2019.04.14"]
[EventType "tourn"]
[EventCountry "NOR"]
[SourceTitle "playchess.com"]
[Source "ChessBase"]
[SourceQuality "1"]
[TimeControl "40/7200:3600"]

1. e4 c5 2. Nf3 Nc6 3. d4 cxd4 4. Nxd4 Nf6 5. Nc3 e5 6. Ndb5 d6 7. Bg5 a6 8. Na3 b5 9. Nd5 Be7 10. Bxf6 Bxf6 11. c3 O-O 12. Nc2 Bg5 13. Bd3 Be6 14. Nce3 Bxe3 15. Nxe3 Rb8 16. O-O Ne7 17. Qe2 d5 18. exd5 Nxd5 19. Nxd5 Qxd5 1/2-1/2

[Event "Fagernes GM-A 2019"]
[Site "Fagernes"]
[Date "2019.04.18"]
[Round "4"]
[White "Abdrlauf, Elham"]
[Black "Hauge, Lars Oskar"]
[Result "0-1"]
[ECO "C60"]
[WhiteElo "2123"]
[BlackElo "2472"]
[Annotator "ChessBase"]
[PlyCount "34"]
[EventDate "2019.04.14"]
[EventType "tourn"]
[EventCountry "NOR"]
[SourceTitle "playchess.com"]
[Source "ChessBase"]
[SourceQuality "1"]
[TimeControl "40/7200:3600"]

1. e4 e5 2. Nf3 Nc6 3. Bb5 g6 4. d4 exd4 5. Bxc6 dxc6 6. Qxd4 Qxd4 7. Nxd4 Bg7 8. Ne2 Be6 9. Nbc3 Bc4 10. Be3 O-O-O 11. f3 Ne7 12. Kf2 f5 13. Bg5 Rde8 14. Bxe7 Rxe7 15. exf5 Rhe8 16. Rhe1 gxf5 17. Rab1 c5 0-1

[Event "Fagernes GM-A 2019"]
[Site "Fagernes"]
[Date "2019.04.18"]
[Round "4"]
[White "Kizatbay, Abyl"]
[Black "Vestby-Ellingsen, Mads"]
[Result "0-1"]
[ECO "B23"]
[WhiteElo "2108"]
[BlackElo "2333"]
[Annotator "NA"]
[PlyCount "72"]
[EventDate "2019.04.14"]
[EventType "tourn"]
[EventCountry "NOR"]
[SourceTitle "playchess.com"]
[Source "ChessBase"]
[SourceQuality "1"]
[TimeControl "40/7200:3600"]

1. e4 c5 2. Nc3 e6 3. f4 d5 4. Nf3 Nf6 5. Bb5+ Bd7 6. Bxd7+ Nbxd7 7. e5 Ne4 8. Qe2 Nxc3 9. dxc3 Qb6 10. a4 Be7 11. a5 Qc6 12. c4 dxc4 13. Qxc4 O-O 14. O-O b5 15. axb6 axb6 16. Be3 b5 17. Qe2 Nb6 18. Kh1 h6 19. Nd2 Rfd8 20. Qf2 Rxa1 21. Rxa1 Ra8 22. Rxa8+ Qxa8 23. Bxc5 Bxc5 24. Qxc5 Qa1+ 25. Qg1 Qxb2 26. Qb1 Qa3 27. Nf3 Qc5 28. Qa2 Nd5 29. f5 Qf2 30. fxe6 fxe6 31. h3 Kh7 32. Qb1 Nf4 33. Ne1 Qf1+ 34. Kh2 Ne2 35. h4 Qf4+ 36. Kh1 Qxh4# 0-1

[Event "Fagernes GM-A 2019"]
[Site "Fagernes"]
[Date "2019.04.18"]
[Round "4"]
[White "Machlik, Monika"]
[Black "Skotheim, Andreas"]
[Result "1-0"]
[ECO "E36"]
[WhiteElo "2059"]
[BlackElo "2182"]
[Annotator "NA"]
[PlyCount "87"]
[EventDate "2019.04.14"]
[EventType "tourn"]
[EventCountry "NOR"]
[SourceTitle "playchess.com"]
[Source "ChessBase"]
[SourceQuality "1"]
[TimeControl "40/7200:3600"]

1. d4 Nf6 2. c4 e6 3. Nc3 Bb4 4. Qc2 O-O 5. a3 Bxc3+ 6. Qxc3 d5 7. Nf3 dxc4 8. Qxc4 b6 9. Bg5 Ba6 10. Qa4 Qe7 11. e3 Bb7 12. Rc1 Rc8 13. Be2 Nbd7 14. O-O a6 15. Ne5 Nxe5 16. dxe5 Qe8 17. Qh4 Nd7 18. Bd3 Nf8 19. Qg3 Kh8 20. h4 Nd7 21. Qf4 Qf8 22. h5 h6 23. Bh4 b5 24. Rfd1 Nb6 25. Bb1 Rab8 26. Qg3 c5 27. e4 c4 28. Rd6 Na4 29. Rd2 Nc5 30. Re1 c3 31. bxc3 Rc7 32. f4 Rd7 33. Rxd7 Nxd7 34. Rd1 Nc5 35. Rd4 Na4 36. f5 Qxa3 37. f6 g5 38. hxg6 Rg8 39. g7+ Kh7 40. Kh2 Qxc3 41. Rd3 Qc7 42. Bg5 Bxe4 43. Rd7 Qc4 44. Qh4 1-0

[Event "Fagernes GM-A 2019"]
[Site "Fagernes"]
[Date "2019.04.18"]
[Round "4"]
[White "Fuglestein, Sander"]
[Black "Dahl, Trygve"]
[Result "0-1"]
[ECO "E62"]
[WhiteElo "2000"]
[BlackElo "2275"]
[Annotator "NA"]
[PlyCount "136"]
[EventDate "2019.04.14"]
[EventType "tourn"]
[EventCountry "NOR"]
[SourceTitle "playchess.com"]
[Source "ChessBase"]
[SourceQuality "1"]
[TimeControl "40/7200:3600"]

1. d4 Nf6 2. c4 g6 3. Nf3 Bg7 4. g3 O-O 5. Bg2 d6 6. O-O Nc6 7. Nc3 e5 8. d5 Ne7 9. e4 Nd7 10. Ne1 f5 11. Nd3 Nf6 12. f4 exf4 13. Bxf4 fxe4 14. Nxe4 Nxe4 15. Bxe4 Bh3 16. Bg2 Bd4+ 17. Kh1 Bxg2+ 18. Kxg2 Nf5 19. Qd2 Qd7 20. Rae1 Rae8 21. Rxe8 Rxe8 22. Re1 a6 23. b3 Re7 24. Bg5 Re8 25. Rxe8+ Qxe8 26. Qe1 Ne3+ 27. Bxe3 Qe4+ 28. Kf2 Qxd3 29. Bxd4 Qxd4+ 30. Qe3 Qb2+ 31. Qe2 Qxe2+ 32. Kxe2 Kf7 33. Ke3 Kf6 34. Kf4 g5+ 35. Ke4 g4 36. Kf4 h5 37. b4 b5 38. Ke4 Kg5 39. Kd3 Kf5 40. Ke3 Ke5 41. Kd3 Kf5 42. Ke3 bxc4 43. Kd4 c3 44. Kxc3 Ke4 45. Kc4 Kf3 46. a4 Kg2 47. a5 Kxh2 48. b5 axb5+ 49. Kxb5 h4 50. gxh4 g3 51. a6 g2 52. a7 g1=Q 53. a8=Q Qc5+ 54. Ka4 Qc4+ 55. Ka3 Qxh4 56. Qc6 Qh7 57. Qc3 Kg2 58. Kb2 Kf2 59. Qd2+ Kf3 60. Kc3 Qe4 61. Qd1+ Kf4 62. Kb2 Ke5 63. Qh5+ Kd4 64. Qf7 Qxd5 65. Qxc7 Qb5+ 66. Ka1 Qa4+ 67. Kb2 Qb4+ 68. Ka1 Qc3+ 0-1

[Event "Fagernes GM-A 2019"]
[Site "Fagernes"]
[Date "2019.04.18"]
[Round "4"]
[White "Rasmussen, Jonas H"]
[Black "Ukkelberg, Oyvind"]
[Result "1-0"]
[ECO "E10"]
[WhiteElo "1993"]
[BlackElo "1939"]
[Annotator "NA"]
[PlyCount "53"]
[EventDate "2019.04.14"]
[EventType "tourn"]
[EventCountry "NOR"]
[SourceTitle "playchess.com"]
[Source "ChessBase"]
[SourceQuality "1"]
[TimeControl "40/7200:3600"]

1. d4 c5 2. d5 Nf6 3. Nf3 e6 4. c4 b5 5. dxe6 fxe6 6. cxb5 d5 7. Nc3 Bd6 8. e4 dxe4 9. Ng5 Qe7 10. Ngxe4 Be5 11. Nxf6+ Bxf6 12. Bf4 O-O 13. Bd6 Bxc3+ 14. bxc3 Qf6 15. Bxf8 Qxc3+ 16. Ke2 Nc6 17. Bxc5 Qxc5 18. bxc6 Ba6+ 19. Kf3 Rf8+ 20. Kg3 Qxf2+ 21. Kh3 Bc8 22. Bc4 Kh8 23. Rf1 e5+ 24. g4 Qe3+ 25. Kg2 Qe4+ 26. Kg3 Bf5 27. Rxf5 1-0

[Event "Fagernes GM-A 2019"]
[Site "Fagernes"]
[Date "2019.04.18"]
[Round "4"]
[White "Isha Sharma"]
[Black "Ingebretsen, Jens E"]
[Result "0-1"]
[ECO "C54"]
[WhiteElo "1989"]
[BlackElo "2300"]
[Annotator "NA"]
[PlyCount "150"]
[EventDate "2019.04.14"]
[EventType "tourn"]
[EventCountry "NOR"]
[SourceTitle "playchess.com"]
[Source "ChessBase"]
[SourceQuality "1"]
[TimeControl "40/7200:3600"]

1. e4 e5 2. Nf3 Nc6 3. Bc4 Bc5 4. c3 Nf6 5. d3 O-O 6. Nbd2 a6 7. Bb3 Ba7 8. Nf1 d5 9. Qe2 Be6 10. Ng3 Re8 11. h3 h6 12. O-O Qd7 13. Be3 d4 14. Bxe6 Rxe6 15. Bc1 dxc3 16. bxc3 b5 17. Rb1 Rd8 18. Rd1 Rd6 19. Ne1 Qe6 20. Nf5 R6d7 21. Nf3 Ne7 22. g4 Ng6 23. Be3 Bxe3 24. fxe3 c5 25. Ng3 c4 26. d4 exd4 27. exd4 Nf4 28. Qh2 Nd3 29. Qe2 Re8 30. Ne1 Nf4 31. Qf1 g5 32. e5 N6d5 33. Rdc1 f6 34. Nf5 fxe5 35. Nf3 Nd3 36. Nxe5 Nxe5 37. dxe5 Qb6+ 38. Qf2 Qxf2+ 39. Kxf2 Nf4 40. Rd1 Nd3+ 41. Kg3 Kh7 42. a4 Rxe5 43. axb5 axb5 44. Ra1 h5 45. Rd2 h4+ 46. Kh2 Red5 47. Ne3 Rc5 48. Ra6 Rdc7 49. Nf5 R5c6 50. Ra5 Rb6 51. Ne3 Rd7 52. Ra1 Re6 53. Nf5 Rb7 54. Rc2 Rd7 55. Rd2 Kg6 56. Rb1 Rd5 57. Nd4 Rb6 58. Nf5 Re5 59. Ra2 Re4 60. Rc2 Kf6 61. Rf1 Nf4 62. Rd2 Rbe6 63. Nd4 Rd6 64. Rb2 Re3 65. Nf3 Rd5 66. Ra2 Rxc3 67. Ra6+ Ke7 68. Nxg5 Rxg5 69. Rxf4 Re5 70. g5 Rc2+ 71. Kg1 Re1+ 72. Rf1 Rxf1+ 73. Kxf1 b4 74. g6 b3 75. Ra7+ Kf8 0-1

[Event "Fagernes GM-A 2019"]
[Site "Fagernes"]
[Date "2019.04.17"]
[Round "5.18"]
[White "Grover, Sigurd Loe"]
[Black "Nordquelle, Daniel"]
[Result "0-1"]
[ECO "A84"]
[WhiteElo "2020"]
[BlackElo "2264"]
[Annotator "RC"]
[PlyCount "119"]
[EventDate "2019.04.14"]
[EventType "tourn"]
[EventCountry "NOR"]
[SourceTitle "playchess.com"]
[Source "ChessBase"]
[SourceQuality "1"]
[TimeControl "40/7200:3600"]

1. e3 d5 2. c4 c6 3. Nf3 e6 4. d4 Bd6 5. Bd3 f5 6. O-O Nh6 7. b3 Qe7 8. Bb2 a5 9. Nc3 Nd7 10. Ne2 O-O 11. Nf4 Nf7 12. Be2 Qf6 13. Qc1 Re8 14. Nd3 b6 15. c5 Bb8 16. cxb6 Nd8 17. Nfe5 Bxe5 18. dxe5 Qf7 19. Bd4 Ba6 20. Qc2 Bxd3 21. Bxd3 c5 22. Bb2 Nb7 23. g4 Qg6 24. h3 Nxb6 25. Kh2 c4 26. bxc4 dxc4 27. Be2 Rac8 28. gxf5 exf5 29. Bd4 Kh8 30. Rab1 Nc5 31. Rg1 Qe6 32. Rb5 Ncd7 33. e4 fxe4 34. Bg4 Qc6 35. Qb1 Na4 36. Bf5 Rcd8 37. Rb7 Qd5 38. Ba1 c3 39. Qxe4 Qxe4 40. Bxe4 Nac5 41. Rxd7 Nxd7 42. Bxc3 Nc5 43. Bb1 a4 44. f4 Ne6 45. Kg3 g6 46. h4 Rc8 47. Bd2 Red8 48. Rg2 Rb8 49. Be4 Rd4 50. Kf3 Rb2 51. Bc3 Rxg2 52. Bxd4 Rxa2 53. Be3 Ng7 54. Bd4 Nf5 55. Bb6 Kg7 56. Bd8 Rd2 57. Bf6+ Kf7 58. Bc6 a3 59. Bb5 a2 60. Bc4+ 0-1

[Event "Fagernes GM-A 2019"]
[Site "Fagernes"]
[Date "2019.04.18"]
[Round "6.1"]
[White "Demchenko, Anton"]
[Black "Urkedal, Frode Olav Olsen"]
[Result "1-0"]
[ECO "C54"]
[WhiteElo "2661"]
[BlackElo "2513"]
[Annotator "ChessBase"]
[PlyCount "89"]
[EventDate "2019.04.14"]
[EventType "tourn"]
[EventCountry "NOR"]
[SourceTitle "playchess.com"]
[Source "ChessBase"]
[SourceQuality "1"]
[TimeControl "40/7200:3600"]

1. e4 e5 2. Nf3 Nc6 3. Bc4 Nf6 4. d3 h6 5. a4 Bc5 6. c3 a6 7. O-O d6 8. Nbd2 Ba7 9. Re1 g5 10. b4 Nh5 11. Nb3 g4 12. b5 axb5 13. axb5 Bxf2+ 14. Kxf2 Rxa1 15. Nxa1 gxf3 16. g3 Na5 17. Qxf3 Nxc4 18. Qxh5 Nb6 19. Nc2 Na4 20. c4 c6 21. bxc6 Qb6+ 22. Kg2 bxc6 23. Ne3 Nc5 24. Rf1 Qa7 25. Ba3 Nxd3 26. Bxd6 Be6 27. Qh4 Rg8 28. Ra1 Nf4+ 29. Kf3 Qxe3+ 30. Kxe3 Ng2+ 31. Kf2 Nxh4 32. Ra8+ Kd7 33. Rxg8 Kxd6 34. gxh4 Bxc4 35. Rh8 Be6 36. Rxh6 Ke7 37. Rh5 f6 38. Rh7+ Bf7 39. h5 Kf8 40. h6 Kg8 41. Rg7+ Kf8 42. Rg3 Bg8 43. Rg6 Bh7 44. Rxf6+ Kg8 45. Ke3 1-0

[Event "Fagernes GM-A 2019"]
[Site "Fagernes"]
[Date "2019.04.18"]
[Round "6.2"]
[White "Mikalsen, Erlend"]
[Black "Alekseev, Evgeny"]
[Result "1/2-1/2"]
[ECO "B46"]
[WhiteElo "2397"]
[BlackElo "2649"]
[Annotator "ChessBase"]
[PlyCount "48"]
[EventDate "2019.04.14"]
[EventType "tourn"]
[EventCountry "NOR"]
[SourceTitle "playchess.com"]
[Source "ChessBase"]
[SourceQuality "1"]
[TimeControl "40/7200:3600"]

1. e4 c5 2. Nf3 e6 3. d4 cxd4 4. Nxd4 a6 5. Nc3 Nc6 6. Nxc6 bxc6 7. Bd3 d5 8. O-O Nf6 9. Qf3 Be7 10. Qg3 O-O 11. Bh6 Ne8 12. Bf4 f6 13. Rad1 e5 14. Bc1 d4 15. f4 exf4 16. Bxf4 Be6 17. Ne2 c5 18. b3 a5 19. e5 Qd7 20. Qf3 Ra7 21. Qh5 f5 22. Bg5 g6 23. Qh4 Bxg5 24. Qxg5 Ng7 1/2-1/2

[Event "Fagernes GM-A 2019"]
[Site "Fagernes"]
[Date "2019.04.18"]
[Round "6.3"]
[White "Vovk, Andriy"]
[Black "Galinsky, Timofey"]
[Result "1-0"]
[ECO "C10"]
[WhiteElo "2616"]
[BlackElo "2378"]
[Annotator "ChessBase"]
[PlyCount "131"]
[EventDate "2019.04.14"]
[EventType "tourn"]
[EventCountry "NOR"]
[SourceTitle "playchess.com"]
[Source "ChessBase"]
[SourceQuality "1"]
[TimeControl "40/7200:3600"]

1. e4 e6 2. d4 d5 3. Nd2 dxe4 4. Nxe4 Bd7 5. Nf3 Bc6 6. Bd3 Nd7 7. O-O Ngf6 8. Ned2 Be7 9. Re1 O-O 10. Nc4 b6 11. Qe2 Bb7 12. Nce5 c5 13. Ng5 Qe8 14. Bc4 Nxe5 15. dxe5 Qc6 16. f4 Nd5 17. Ne4 a6 18. a4 Rfd8 19. c3 Bh4 20. g3 Be7 21. h4 Nc7 22. Kh2 Rd7 23. Bd3 Rad8 24. Bc2 c4 25. Kh3 f5 26. exf6 gxf6 27. b3 f5 28. Ng5 Rd6 29. Rf1 h6 30. Nf3 cxb3 31. Bxb3 Qxc3 32. Bb2 Qxb3 33. Qe5 Bf8 34. Qh8+ Kf7 35. Ne5+ Ke8 36. Qg8 R8d7 37. Qg6+ Kd8 38. Qf6+ Be7 39. Qh8+ Ne8 40. Rac1 Bf6 41. Nc6+ Bxc6 42. Bxf6+ Kc7 43. Qxe8 Qd5 44. Rf2 Kb7 45. Be5 Rd8 46. Qg6 R6d7 47. a5 bxa5 48. Qxh6 Rg8 49. Qh5 Qd3 50. Rg1 a4 51. Qe2 a3 52. Qxd3 Rxd3 53. h5 Rd7 54. g4 Rh7 55. Kh4 Be8 56. Rb1+ Ka7 57. g5 Bxh5 58. Kg3 Rd8 59. Rb3 Rd1 60. Rc2 Bg4 61. Kg2 Bh5 62. Bb8+ Ka8 63. Rc8 Bf3+ 64. Kxf3 Rh3+ 65. Ke2 Rxb3 66. Be5+ 1-0

[Event "Fagernes GM-A 2019"]
[Site "Fagernes"]
[Date "2019.04.18"]
[Round "6.4"]
[White "Hauge, Lars Oskar"]
[Black "Postny, Evgeny"]
[Result "1-0"]
[ECO "D02"]
[WhiteElo "2472"]
[BlackElo "2612"]
[Annotator "ChessBase"]
[PlyCount "101"]
[EventDate "2019.04.14"]
[EventType "tourn"]
[EventCountry "NOR"]
[SourceTitle "playchess.com"]
[Source "ChessBase"]
[SourceQuality "1"]
[TimeControl "40/7200:3600"]

1. d4 d5 2. Nf3 Nf6 3. Bf4 Bf5 4. e3 e6 5. c4 Bxb1 6. Qxb1 Bb4+ 7. Kd1 Bd6 8. Bxd6 Qxd6 9. Qc2 Nbd7 10. cxd5 Nxd5 11. Rc1 c5 12. Bb5 cxd4 13. Nxd4 O-O 14. Ke2 N7f6 15. Nf3 Qb4 16. Bd3 Rad8 17. Rhd1 Rd6 18. a3 Qb6 19. Ne5 Qd8 20. Qa4 Qb8 21. Nf3 Rfd8 22. Qh4 Rb6 23. Rd2 h6 24. Qg3 Qxg3 25. hxg3 Kf8 26. Rdc2 Ne7 27. Ne5 Rbd6 28. Rc7 Rb8 29. e4 a6 30. b4 Rdd8 31. R1c2 Rdc8 32. f3 Ke8 33. a4 Rxc7 34. Rxc7 Kd8 35. Rc2 Ke8 36. b5 a5 37. Rc7 Nc8 38. Rxf7 Nb6 39. Rxg7 Nxa4 40. Rg6 Ke7 41. Rxf6 Kxf6 42. Nd7+ Ke7 43. Nxb8 Kd6 44. Bc4 Nc5 45. Ke3 a4 46. Na6 bxa6 47. bxa6 Nd7 48. f4 e5 49. a7 Nb6 50. Bd5 a3 51. Kd3 1-0

[Event "Fagernes GM-A 2019"]
[Site "Fagernes"]
[Date "2019.04.18"]
[Round "6.5"]
[White "Turov, Maxim"]
[Black "Romanov, Evgeny"]
[Result "1/2-1/2"]
[ECO "A33"]
[WhiteElo "2584"]
[BlackElo "2576"]
[Annotator "ChessBase"]
[PlyCount "25"]
[EventDate "2019.04.14"]
[EventType "tourn"]
[EventCountry "NOR"]
[SourceTitle "playchess.com"]
[Source "ChessBase"]
[SourceQuality "1"]
[TimeControl "40/7200:3600"]

1. d4 Nf6 2. c4 e6 3. g3 c5 4. Nf3 cxd4 5. Nxd4 a6 6. Bg2 Qc7 7. Nc3 d6 8. O-O Be7 9. b3 Bd7 10. Bb2 Nc6 11. Rc1 Nxd4 12. Qxd4 O-O 13. Rfd1 1/2-1/2

[Event "Fagernes GM-A 2019"]
[Site "Fagernes"]
[Date "2019.04.18"]
[Round "6.6"]
[White "Blomqvist, Erik"]
[Black "Vestby-Ellingsen, Mads"]
[Result "1/2-1/2"]
[ECO "B22"]
[WhiteElo "2496"]
[BlackElo "2333"]
[Annotator "ChessBase"]
[PlyCount "76"]
[EventDate "2019.04.14"]
[EventType "tourn"]
[EventCountry "NOR"]
[SourceTitle "playchess.com"]
[Source "ChessBase"]
[SourceQuality "1"]
[TimeControl "40/7200:3600"]

1. Nf3 c5 2. e4 e6 3. c3 Nf6 4. e5 Nd5 5. Bc4 d6 6. d4 cxd4 7. cxd4 Be7 8. O-O O-O 9. Re1 b6 10. Bxd5 exd5 11. Nc3 dxe5 12. Nxe5 Bb7 13. Qg4 Nc6 14. Bh6 Bf6 15. Rad1 Bc8 16. Qf3 Ne7 17. Bf4 Be6 18. h3 Rc8 19. Ng4 Ng6 20. Bg3 Be7 21. Ne5 a6 22. Nxg6 hxg6 23. Rc1 Qd7 24. Ne2 g5 25. Rxc8 Rxc8 26. Rc1 b5 27. Rxc8+ Qxc8 28. Qc3 b4 29. Qxc8+ Bxc8 30. Bc7 Bf5 31. f3 Kf8 32. Kf2 Ke8 33. Ke3 Kd7 34. Be5 f6 35. Bb8 Kc6 36. Kd2 Kb5 37. Bh2 Ka4 38. Bc7 Kb5 1/2-1/2

[Event "Fagernes GM-A 2019"]
[Site "Fagernes"]
[Date "2019.04.18"]
[Round "6.7"]
[White "Sisatto, Olli"]
[Black "Notkevich, Benjamin Arvola"]
[Result "1-0"]
[ECO "D38"]
[WhiteElo "2276"]
[BlackElo "2495"]
[Annotator "ChessBase"]
[PlyCount "69"]
[EventDate "2019.04.14"]
[EventType "tourn"]
[EventCountry "NOR"]
[SourceTitle "playchess.com"]
[Source "ChessBase"]
[SourceQuality "1"]
[TimeControl "40/7200:3600"]

1. d4 Nf6 2. c4 e6 3. Nc3 Bb4 4. Nf3 O-O 5. Bg5 d5 6. e3 h6 7. Bh4 Nbd7 8. a3 Bxc3+ 9. bxc3 c5 10. cxd5 exd5 11. Bd3 Qa5 12. Qc2 b6 13. O-O Ba6 14. Bxa6 Qxa6 15. Bxf6 Nxf6 16. dxc5 Rfc8 17. cxb6 axb6 18. Qb3 Qa5 19. Rfc1 Rc5 20. Nd2 Rac8 21. Qb2 Rxc3 22. Nb3 Rxc1+ 23. Rxc1 Rxc1+ 24. Qxc1 Qa4 25. Nd4 Qa5 26. f3 Nd7 27. Nc6 Qb5 28. Nb4 Kf8 29. Qc7 Ke7 30. Nc6+ Kf6 31. Qd6+ Kg5 32. h4+ Kh5 33. g4+ Kxh4 34. Qh2+ Kg5 35. Qh5+ 1-0

[Event "Fagernes GM-A 2019"]
[Site "Fagernes"]
[Date "2019.04.18"]
[Round "6.8"]
[White "Nielsen, Andre"]
[Black "Santarius, Erik"]
[Result "1-0"]
[ECO "B96"]
[WhiteElo "2201"]
[BlackElo "2411"]
[Annotator "NA"]
[PlyCount "81"]
[EventDate "2019.04.14"]
[EventType "tourn"]
[EventCountry "NOR"]
[SourceTitle "playchess.com"]
[Source "ChessBase"]
[SourceQuality "1"]
[TimeControl "40/7200:3600"]

1. e4 c5 2. Nf3 d6 3. d4 cxd4 4. Nxd4 Nf6 5. Nc3 a6 6. Bg5 e6 7. f4 Nbd7 8. Qf3 h6 9. Bh4 Rg8 10. f5 Ne5 11. Qh3 g5 12. fxg6 Rxg6 13. O-O-O Be7 14. Be2 b5 15. a3 Bb7 16. Nf3 Nfg4 17. Nxe5 Nxe5 18. Bg3 Qa5 19. Kb1 b4 20. axb4 Qxb4 21. Bxe5 dxe5 22. Bh5 Rf6 23. Rhf1 Rxf1 24. Rxf1 O-O-O 25. Bxf7 Kb8 26. Qxe6 Bc5 27. Qxe5+ Ka7 28. Bd5 Rd7 29. Rf7 Rxf7 30. Bxf7 Bd6 31. Qg7 Bf8 32. Qh7 Qe7 33. Qf5 Bc6 34. Bd5 Bd7 35. Qf2+ Qc5 36. Qxc5+ Bxc5 37. e5 Bg1 38. e6 Be8 39. Ne4 Kb6 40. Nf6 Bg6 41. e7 1-0

[Event "Fagernes GM-A 2019"]
[Site "Fagernes"]
[Date "2019.04.18"]
[Round "6.9"]
[White "Gullaksen, Eirik"]
[Black "Efroimski, Marsel"]
[Result "1/2-1/2"]
[ECO "D37"]
[WhiteElo "2324"]
[BlackElo "2287"]
[Annotator "NA"]
[PlyCount "61"]
[EventDate "2019.04.14"]
[EventType "tourn"]
[EventCountry "NOR"]
[SourceTitle "playchess.com"]
[Source "ChessBase"]
[SourceQuality "1"]
[TimeControl "40/7200:3600"]

1. d4 Nf6 2. c4 e6 3. Nf3 d5 4. Nc3 a6 5. cxd5 exd5 6. Bg5 Be6 7. e3 Nbd7 8. Be2 Bd6 9. O-O O-O 10. Rc1 Rc8 11. a3 Qe7 12. Re1 Rfe8 13. e4 dxe4 14. Nxe4 Bd5 15. Bd3 Qf8 16. Bxf6 Nxf6 17. Nxf6+ gxf6 18. Nh4 Rxe1+ 19. Qxe1 Re8 20. Qd2 Qg7 21. g3 Qg5 22. Qxg5+ fxg5 23. Nf5 Bf8 24. Ne3 c6 25. Nxd5 cxd5 26. Kf1 Bg7 27. Rc7 Rb8 28. Rd7 Bxd4 29. Rxd5 Bf6 30. b3 Rd8 31. Rxd8+ 1/2-1/2